 Dungeon Crawl Stone Soup version 0.29.1-1-gd02db6906a (webtiles) character file.

Game seed: 17983076254673140607

32407 Kold the Basher (level 13, -9/103 HPs)
             Began as a Demonspawn Monk on Oct 19, 2022.
             Was an Elder of Trog.
             Succumbed to Nessos's poison
             ... on level 3 of the Lair of Beasts.
             The game lasted 00:39:37 (18711 turns).

Kold the Basher (Demonspawn Monk)                  Turns: 18711, Time: 00:39:39

Health: -9/103     AC: 11    Str: 12    XL:     13   Next: 31%
Magic:  11/11      EV: 19    Int: 10    God:    Trog [****..]
Gold:   1136       SH:  0    Dex: 23    Spells: 12/12 levels left

rFire   + . .      SeeInvis .   x - +8 whip "Sarcophage" {vamp, rN+ Dex-4 Stlth+}
rCold   + . .      Faith    +   (no shield)
rNeg    + . .      Spirit   .   z - +2 leather armour {Will+}
rPois   .          Reflect  .   (helmet restricted)
rElec   .          Harm     .   (no cloak)
rCorr   .          Rampage  .   C - +1 pair of gloves {Dex+3}
Will    +....                   (no boots)
Stlth   ++++......              l - amulet of faith
HPRegen 0.27/turn               n - ring of protection from cold
MPRegen 0.12/turn               v - ring of protection from fire

@: lethally poisoned (-9 -> -82), on berserk cooldown, slowed, very slow
A: antennae 2, yellow scales 2, demonic guardian 1, icemail 1, augmentation 1,
condensation shield, agile 1, low MP 1
a: Renounce Religion, Berserk, Trog's Hand, Brothers in Arms


You were on level 3 of the Lair of Beasts.
You worshipped Trog.
Trog was greatly pleased with you.
You visited 2 branches of the dungeon, and saw 15 of its levels.
You also visited: Bailey and Volcano.

You collected 1368 gold pieces.
You spent 232 gold pieces at shops.

Inventory:

Hand Weapons
 s - a +3 antimagic great mace
 x - the +8 whip "Sarcophage" (weapon) {vamp, rN+ Dex-4 Stlth+}
   (You found it on level 5 of the Dungeon)

   It occasionally heals its wielder for a portion of the damage dealt when it
   wounds a living foe.
   Dex:       It affects your dexterity (-4).
   rN:        It protects you from negative energy.
   Stlth:     It makes you more stealthy.
 B - the +5 whip "Ymnag" {flame, rF+ rN+ Str+4}
   (You found it on level 6 of the Dungeon)

   It burns those it strikes, dealing additional fire damage.
   Str:       It affects your strength (+4).
   rF:        It protects you from fire.
   rN:        It protects you from negative energy.
 G - a -2 demon whip of venom
Armour
 z - a +2 leather armour of willpower (worn)
 C - a +1 pair of gloves of dexterity (worn)
 F - the +7 Kryia's mail coat {PotionHeal*2 rC+}
   (You found it on level 9 of the Dungeon)

   Potions are twice as effective at healing its wearer.
   rC:        It protects you from cold.
Jewellery
 l - an amulet of faith (around neck)
 n - a ring of protection from cold (left hand)
 t - an amulet of the acrobat
 v - a ring of protection from fire (right hand)
 H - a ring of flight
 J - a ring of ice
Wands
 a - a wand of roots (15)
 g - a wand of light (6)
 m - a wand of polymorph (5)
 y - a wand of charming (5)
 D - a wand of flame (34)
Scrolls
 b - a scroll of enchant weapon
 j - 3 scrolls of blinking
 k - a scroll of poison {unknown}
 p - 3 scrolls of fear
 q - 2 scrolls of magic mapping
 r - 2 scrolls of teleportation
 u - a scroll of fog
 w - 4 scrolls of silence
 A - 4 scrolls of enchant armour
 K - a scroll of summoning
Potions
 c - 2 potions of ambrosia
 d - 7 potions of curing
 e - a potion of brilliance {unknown}
 f - 5 potions of lignification
 h - 4 potions of resistance
 i - 4 potions of heal wounds
 o - 4 potions of cancellation
 E - 3 potions of haste
 I - 3 potions of berserk rage {unknown}


   Skills:
 - Level 10.0 Fighting
 + Level 13.9 Maces & Flails
 + Level 9.3 Armour
 + Level 9.7 Dodging
 - Level 5.0 Stealth


You had 12 spell levels left.
You didn't know any spells.
Your spell library contained the following spells:

 Spells                   Type           Power      Damage    Failure   Level
 Sting                    Tmut/Pois      0%         1d3       43%         1
 Poisonous Vapours        Pois/Air       0%         N/A       56%         2
 Scorch                   Fire           0%         2d5       56%         2
 Inner Flame              Hex/Fire       0%         N/A       80%         3
 Olgreb's Toxic Radiance  Pois           0%         N/A       99%         4
 Agony                    Necr           0%         N/A       100%        5
 Necromutation            Tmut/Necr      0%         N/A       100%        8


Dungeon Overview and Level Annotations

Branches:
Dungeon (12/15)            Temple (0/1) D:5            Lair (3/5) D:9
 Shoals (0/4) Lair:3       Spider (0/4) Lair:3       Bailey (visited)
Volcano (visited)
    Orc: D:9-12

Altars:
Ashenzari
Dithmenos
Gozag
Hepliaklqana
Kikubaaqudgha
Nemelex Xobeh
Okawaru
Trog
Vehumet
Wu Jian
Yredelemnul

Shops:
D:3 =   D:7 [   D:9 (   D:11 [

Annotations:
D:9 2 transporters
Lair:3 Nessos


Innate Abilities, Weirdness & Mutations

You have a pair of antennae on your head.
You are mostly covered in yellow scales. (AC +3)
A weak demonic guardian rushes to your aid.
A meltable icy envelope protects you from harm. (AC +0)
Your magical and physical power is slightly enhanced at high health.
A meltable shield of frost defends you. (SH +0)
You are agile. (Dex +4, Str/Int -1)
Your magical capacity is low. (-10% MP)


Message History

Nessos wields a +2 longbow of flaming.
It bursts into flame!
Nessos shoots an arrow.
The arrow closely misses you.
Nessos pounds the earth with their hooves.
Nessos shoots an arrow.
The arrow closely misses you.
Nessos shoots an arrow.
The arrow hits you!
Your icy defenses dissipate!
The arrow burns you.
You are poisoned.
A demonic guardian appears!
The black mamba misses you.
You swap places.
You feel a strong urge to attack something.
You feel sick.
Your ufetubus hits the black mamba.
Your ufetubus hits the black mamba but does no damage.
You feel sick.
Nessos gestures wildly while chanting.
Nessos blinks!
The black mamba bites your ufetubus!
Your ufetubus dies!
Your ufetubus disappears in a puff of smoke!
Nessos shoots an arrow.
The arrow barely misses you.
You feel your anger nearly subside.
You are no longer berserk.
You are exhausted.
You feel yourself slow down.
You feel sick.
Nessos shoots an arrow.
The arrow hits you! The arrow burns you.
You are more poisoned.
Nessos stands on their hind legs for a moment.
Nessos shoots an arrow.
The arrow hits you!! The arrow burns you.
You are lethally poisoned!
As you read the scroll of fog, it crumbles to dust.
The scroll dissolves into smoke.
* * * LOW HITPOINT WARNING * * *
You feel extremely sick.
Nessos shoots an arrow.
The arrow barely misses you. The black mamba bites you.
* * * LOW HITPOINT WARNING * * *
Nessos shoots an arrow.
The arrow barely misses you. The black mamba bites you!
* * * LOW HITPOINT WARNING * * *
You are more poisoned.
The black mamba poisons you!
Nessos shoots an arrow.
The arrow hits you.
* * * LOW HITPOINT WARNING * * *
You are more poisoned.
You die...

# ##### ##########
####.#
#.#P####.#..#.#.###.##.#
#.......................
###....§§.....c.........
##...§§§§..............
#.....@S§..............
##...§§§...............
#.....................
#.....................
#......................
###....######..#.######
#....# ###..# ......#
#### ###...## ##


You could see a black mamba.

Vanquished Creatures
  Josephine (D:10)
  Fannar (D:11)
  A catoblepas (Lair:2)
  A boulder beetle (D:11)
  A hydra (Lair:2)
  5 two-headed ogres
  6 death yaks
  Amaemon (Lair:1)
  A lindwurm (Lair:2)
  An anaconda skeleton (Volcano)
  2 cyclopes (D:11)
  2 elephants
  A black mamba (Lair:3)
  Joseph (D:7)
  6 cane toads
  An unseen horror (D:10)
  An orange demon (Lair:1)
  3 rime drakes
  5 gargoyles
  4 komodo dragons
  A troll (D:11)
  A harpy skeleton (Volcano)
  A polar bear (Lair:3)
  A flying skull (Volcano)
  Sigmund (D:5)
  3 yaks (D:8)
  An alligator skeleton (Volcano)
  5 wraiths (D:10)
  A shadow (D:10)
  5 wyverns
  5 basilisks
  A redback (Lair:3)
  4 steam dragons
  2 acid dragons
  6 water moccasins
  6 black bears
  11 orc warriors
  2 ice beasts
  3 sky beasts (D:10)
  An ogre (D:6)
  12 centaurs
  5 wolves (Lair:2)
  A phantom (D:4)
  2 kobold brigands (D:6)
  15 bullfrogs
  3 necrophages
  3 scorpions
  14 wights
  A troll skeleton (Volcano)
  An electric eel (Lair:3)
  A spriggan skeleton (Volcano)
  A howler monkey (D:10)
  7 jellies
  A gnoll bouda (D:6)
  6 orc priests
  5 iguanas
  6 orc wizards
  9 gnolls
  3 adders
  2 white imps
  An ufetubus (D:5)
  4 worms
  6 dart slugs
  30 orcs
  8 bats
  3 endoplasms
  A giant cockroach (D:1)
  19 goblins
  6 hobgoblins
  3 jackals (D:1)
  11 kobolds
  7 quokkas
  3 ball pythons
  A frilled lizard (D:1)
  6 rats
313 creatures vanquished.

Vanquished Creatures (collateral kills)
  A hydra (Lair:3)
  2 skeletal warriors (Volcano)
  A wolf (Lair:2)
  2 centaurs (Bailey)
  3 orcs
  3 kobolds (D:6)
12 creatures vanquished.

Vanquished Creatures (others)
  An orc warrior (Bailey)
  A centaur (Bailey)
  A fungus (Lair:2)
  5 plants
8 creatures vanquished.

Grand Total: 333 creatures vanquished

Notes
Turn   | Place    | Note
-------+----------+-------------------------------------------
     0 | D:1      | Kold the Demonspawn Monk began the quest for the Orb.
     0 | D:1      | Reached XP level 1. HP: 18/18 MP: 1/1
    69 | D:1      | Reached skill level 3 in Maces & Flails
   196 | D:1      | Gained mutation: A meltable shield of frost defends you.
                  | (SH +0) [demonic ancestry]
   196 | D:1      | Reached XP level 2. HP: 24/24 MP: 2/2
   291 | D:1      | Found a faded altar of an unknown god.
   300 | D:1      | Prayed at the altar of an unknown god.
   300 | D:1      | Became a worshipper of Trog the Wrathful
   300 | D:1      | Reached * piety under Trog
   300 | D:1      | Reached ** piety under Trog
  1257 | D:1      | Gained mutation: A meltable icy envelope protects you from
                  | harm. (AC +0) [demonic ancestry]
  1257 | D:1      | Reached XP level 3. HP: 29/29 MP: 3/3
  1369 | D:2      | Reached *** piety under Trog
  1581 | D:2      | Reached skill level 4 in Maces & Flails
  1641 | D:2      | Identified the +1 leather armour of the Saviour {Int+8}
  2300 | D:2      | Reached XP level 4. HP: 34/35 MP: 4/4
  2549 | D:3      | Found Dameshrime's Jewellery Shoppe.
  2731 | D:3      | Found an ornate altar of the Wu Jian Council.
  2782 | D:3      | Found a broken altar of Ashenzari.
  3153 | D:4      | Identified the +0 robe "Duoromar" {Harm *Slow Str+4}
  3292 | D:4      | Reached skill level 5 in Maces & Flails
  3292 | D:4      | Reached XP level 5. HP: 15/41 MP: 5/5
  3773 | D:4      | Reached skill level 6 in Maces & Flails
  3773 | D:4      | Gained mutation: A weak demonic guardian rushes to your
                  | aid. [demonic ancestry]
  3773 | D:4      | Reached XP level 6. HP: 32/47 MP: 6/6
  4024 | D:5      | Entered Level 5 of the Dungeon
  4043 | D:5      | Reached skill level 7 in Maces & Flails
  4133 | D:5      | Gained mutation: You are partially covered in yellow
                  | scales. (AC +2) [demonic ancestry]
  4133 | D:5      | Reached XP level 7. HP: 39/52 MP: 7/7
  4382 | D:5      | Noticed Sigmund
  4392 | D:5      | Killed Sigmund
  4393 | D:5      | Reached skill level 8 in Maces & Flails
  4733 | D:5      | Identified the +8 whip "Sarcophage" {vamp, rN+ Dex-4
                  | Stlth+}
  5016 | D:5      | Found a staircase to the Ecumenical Temple.
  5065 | D:5      | Reached **** piety under Trog
  5643 | D:5      | Reached skill level 9 in Maces & Flails
  5643 | D:5      | Gained mutation: You have a pair of small antennae on your
                  | head. [demonic ancestry]
  5643 | D:5      | Reached XP level 8. HP: 32/58 MP: 8/8
  6089 | D:6      | Reached skill level 10 in Maces & Flails
  6271 | D:6      | Reached skill level 11 in Maces & Flails
  6281 | D:6      | Gained mutation: You are mostly covered in yellow scales.
                  | (AC +3) [demonic ancestry]
  6281 | D:6      | Reached XP level 9. HP: 60/63 MP: 9/9
  6576 | D:6      | Identified the +5 whip "Ymnag" {flame, rF+ rN+ Str+4}
  7474 | D:7      | Found Vois's Antique Armour Shop.
  7479 | D:7      | Bought a pair of glowing gloves for 232 gold pieces
  7549 | D:7      | Found a hazy altar of Hepliaklqana.
  7642 | D:7      | Noticed Joseph
  7670 | D:7      | Killed Joseph
  7671 | D:7      | Reached skill level 12 in Maces & Flails
  7671 | D:7      | Reached skill level 1 in Armour
  7862 | D:7      | Found a sparkling altar of Nemelex Xobeh.
  7862 | D:7      | Found an opulent altar of Gozag.
  7915 | D:7      | Found a radiant altar of Vehumet.
  8352 | D:8      | Reached XP level 10. HP: 73/73 MP: 10/10
  8374 | D:8      | Gained mutation: You are weak. (Str -2) [potion of
                  | mutation]
  8374 | D:8      | Gained mutation: Your natural rate of healing is unusually
                  | fast. [potion of mutation]
  8374 | D:8      | Lost mutation: You are weak. (Str -2) [potion of mutation]
  8519 | D:8      | Reached ***** piety under Trog
  8783 | D:8      | Found a flagged portal.
  8800 | Bailey   | Entered a bailey
  8820 | Bailey   | Received a gift from Trog
  9064 | Bailey   | Reached skill level 5 in Fighting
  9714 | Bailey   | Got Sif Muna's Exposition on Macabre Heat
  9754 | Bailey   | Reached skill level 5 in Dodging
  9779 | Bailey   | Reached skill level 5 in Stealth
 10037 | D:8      | Found an iron altar of Okawaru.
 10319 | D:9      | Noticed a two-headed ogre
 10330 | D:9      | Killed a two-headed ogre
 10448 | D:9      | Found a bloodstained altar of Trog.
 10448 | D:9      | Found a shadowy altar of Dithmenos.
 10660 | D:9      | Found Molon's Antique Weapon Shoppe.
 10723 | D:9      | Found a staircase to the Lair.
 10723 | D:9      | Noticed an elephant
 10735 | D:9      | Killed an elephant
 10736 | D:9      | Reached skill level 5 in Armour
 10837 | D:9      | Reached XP level 11. HP: 83/83 MP: 11/11
 11033 | D:9      | Noticed a skeletal warrior
 11034 | D:9      | Found a transporter.
 11044 | D:9      | Found a basalt altar of Yredelemnul.
 11049 | D:9      | Noticed a flayed ghost
 11055 | D:9      | Found an ancient bone altar of Kikubaaqudgha.
 11058 | D:9      | Found a transporter.
 11083 | D:9      | Found the +7 Kryia's mail coat {PotionHeal*2 rC+}
 11222 | D:9      | Found an iron altar of Okawaru.
 11378 | Lair:1   | Entered Level 1 of the Lair of Beasts
 12245 | Lair:1   | Noticed Amaemon
 12262 | Lair:1   | Killed Amaemon
 12588 | Lair:2   | Noticed a five-headed hydra
 12597 | Lair:2   | Killed a five-headed hydra
 12669 | Lair:2   | Found a dark tunnel.
 12669 | Lair:2   | Noticed a lindwurm
 12679 | Volcano  | Entered a volcano
 12922 | Volcano  | Noticed a skeletal warrior
 12947 | Volcano  | HP: 6/130 [skeletal warrior/+1 great sword of flaming (13)]
 12949 | Volcano  | Killed a skeletal warrior
 12985 | Volcano  | Noticed a skeletal warrior
 12991 | Volcano  | Killed a skeletal warrior
 12992 | Volcano  | Reached XP level 12. HP: 77/94 MP: 12/12
 13085 | Lair:2   | Noticed a catoblepas
 13104 | Lair:1   | Lost mutation: Your natural rate of healing is unusually
                  | fast. [potion of mutation]
 13104 | Lair:1   | Gained mutation: You possess an exceptional clarity of
                  | mind. [potion of mutation]
 13104 | Lair:1   | Gained mutation: Your spells are a little harder to cast,
                  | but a little more powerful. [potion of mutation]
 13105 | Lair:1   | Lost mutation: Your spells are a little harder to cast, but
                  | a little more powerful. [potion of mutation]
 13105 | Lair:1   | Lost mutation: You possess an exceptional clarity of mind.
                  | [potion of mutation]
 13105 | Lair:1   | Gained mutation: Your magical capacity is low. (-10% MP)
                  | [potion of mutation]
 13105 | Lair:1   | Gained mutation: You have a pair of antennae on your head.
                  | [potion of mutation]
 13105 | Lair:1   | Gained mutation: You are agile. (Dex +4, Str/Int -1)
                  | [potion of mutation]
 13188 | D:10     | Entered Level 10 of the Dungeon
 13199 | D:10     | Noticed Josephine
 13395 | D:10     | Identified the +7 short sword of Ynog {elec, rElec Str-5
                  | Stlth+}
 13450 | D:10     | Noticed a two-headed ogre
 13467 | D:10     | Killed a two-headed ogre
 13474 | D:10     | Killed Josephine
 13585 | D:10     | Reached skill level 13 in Maces & Flails
 13859 | D:10     | Noticed a two-headed ogre
 13884 | D:10     | Killed a two-headed ogre
 14846 | D:11     | Noticed a two-headed ogre
 14857 | D:11     | Killed a two-headed ogre
 14893 | D:11     | Noticed Fannar
 14914 | D:11     | Killed Fannar
 15013 | D:11     | Found Foruhof's Armour Boutique.
 15016 | D:11     | Noticed a boulder beetle
 15063 | D:11     | Killed a boulder beetle
 15492 | D:11     | Noticed a two-headed ogre
 15510 | D:11     | Killed a two-headed ogre
 15823 | D:12     | Noticed a six-headed hydra
 16088 | Lair:2   | Noticed a death yak
 16090 | Lair:2   | Noticed a death yak
 16099 | Lair:2   | Noticed a death yak
 16099 | Lair:2   | Noticed a death yak
 16100 | Lair:2   | Noticed a death yak
 16101 | Lair:2   | Noticed a death yak
 16481 | Lair:2   | Killed a catoblepas
 17092 | Lair:1   | Killed a death yak
 17197 | Lair:1   | Killed a death yak
 17198 | Lair:1   | Reached skill level 10 in Fighting
 17225 | Lair:1   | Killed a death yak
 17226 | Lair:1   | Gained mutation: Your magical and physical power is
                  | slightly enhanced at high health. [demonic ancestry]
 17226 | Lair:1   | Reached XP level 13. HP: 65/103 MP: 11/11
 18051 | Lair:3   | Identified the +6 trident of the Bruised Xeniums {vamp,
                  | rC+}
 18058 | Lair:3   | Found a hole to the Spider Nest.
 18175 | Lair:3   | Found a staircase to the Shoals.
 18698 | Lair:3   | Noticed Nessos
 18711 | Lair:3   | Succumbed to Nessos's poison

Illustrated notes

Levels and vault maps discovered:
D:1:      mrwooster_arrival_statue, layout_loops_ring,
          shapermc_ecumenical_altar_totnotflames, minmay_crystal_water,
          serial_bayou_pond_e
D:2:      cheibrodos_greedy_goblins, layout_loops_cross,
          minmay_fractal_squares_gapless_5
D:3:      layout_basic, mainiacjoe_overflow_catwalk,
          mainiacjoe_overflow_chevrons, serial_shops, nicolae_shop_trees,
          minmay_misc_feat_columns
D:4:      layout_basic, nicolae_elyvilon_peaceful_grove
D:5:      layout_loops_corners, minmay_temple_entry_enclosed_plants,
          uniq_sigmund
D:6:      minmay_polygon_palace, layout_layer_cave
D:7:      layout_basic, grunt_temple_overflow_opulence, old_standard_altar,
          mainiacjoe_overflow_brackets, serial_shops, shop,
          kennysheep_generic_room_6, uniq_joseph
D:8:      layout_loops_corners, lemuel_doored_altar, enter_bailey_7,
          serial_bayou_pond_d, hangedman_decor_lopped
D:9:      layout_loops_corners, gammafunk_temple_of_torment,
          mainiacjoe_overflow_divided_tiny, david_lair_generic, serial_shops,
          kennysheep_little_box, chequers_arboretum, david_defended_altar_orc
D:10:     layout_big_octagon, hangedman_misty_isle, uniq_josephine
D:11:     layout_roguey, serial_shops, shop, uniq_fannar
D:12:     layout_basic, orc_david_3
Lair:1:   layout_concentric_octagons, st_stairs_4, uniq_amaemon
Lair:2:   layout_gridlike, nicolae_volcano_entry_vermiform, minivault_25,
          grunt_megastairs_5
Lair:3:   layout_gridlike, minmay_shoals_entry_centaurs, spider_nest_entry_a,
          st_stairs_13, chequers_serial_rivers_room_a, grunt_megastairs_2,
          serial_bayou_shore_a, lemuel_fruit_fields, uniq_nessos

Skill      XL: |  1  2  3  4  5  6  7  8  9 10 11 12 13 |
---------------+----------------------------------------+-----
Maces & Flails | 3 4 5 6 7 9 11 12 13 | 13.9
Armour         | 2 5 7 8 9 |  9.3
Dodging        | 4 6 7 9 |  9.7
Stealth        | 3 5 |  5.0
Fighting       | 4 6 8 10 | 10.0

Action                   |  1- 3 |  4- 6 |  7- 9 | 10-12 | 13-15 || total
-------------------------+-------+-------+-------+-------+-------++-------
Melee: Mace              |   149 |   157 |    43 |       |       ||   349
       Punch             |     3 |     3 |     7 |    29 |     1 ||    43
       Whip              |       |       |   342 |  1018 |   166 ||  1526
Invok: Trog's Hand       |     1 |     3 |     3 |     7 |       ||    14
       Berserk           |       |     2 |     5 |    14 |     2 ||    23
       Brothers in Arms  |       |       |       |     3 |       ||     3
Evoke: Wand              |       |       |       |    13 |     2 ||    15
  Use: Scroll            |       |       |    17 |     4 |     1 ||    22
       Potion            |       |       |     3 |     4 |       ||     7
 Stab: Sleeping          |     5 |       |     6 |    15 |     7 ||    33
       Distracted        |       |       |     2 |     3 |     3 ||     8
Armor: Robe              |    28 |       |       |       |       ||    28
       Leather armour    |    14 |    43 |   130 |   253 |    45 ||   485
Dodge: Dodged            |    92 |    84 |   150 |   555 |   122 ||  1003
Block: Other             |    21 |    20 |    48 |   123 |    15 ||   227
